 Dungeon Crawl Stone Soup version 0.30.0-5-g1a98f26d00 (webtiles) character file.

Game seed: 6610802520396700015

651 meatpath the Trooper (level 7, -6/58 HPs)
             Began as a Formicid Fighter on May 9, 2023.
             Was a Follower of Okawaru.
             Mangled by a gnoll
             ... wielding a +0 halberd
              (12 damage)
             ... on level 4 of the Dungeon on May 10, 2023.
             The game lasted 00:13:00 (4723 turns).

meatpath the Trooper (Formicid Fighter)             Turns: 4723, Time: 00:13:00

Health: -6/58      AC: 10    Str: 23    XL:     7   Next: 84%
Magic:  7/7        EV:  9    Int:  7    God:    Okawaru [*.....]
Gold:   169        SH:  5    Dex: 13    Spells: 6/6 levels left

rFire   . . .        a - +0 war axe
rCold   . . .        c - +0 buckler
rNeg    . . .        b - +0 scale mail
rPois   .            (helmet unavailable)
rElec   .            (no cloak)
rCorr   .            d - +1 pair of gloves
SInv    +            q - +0 pair of boots
Will    .....        (no amulet) Stlth
                     (no ring)
HPRegen 0.29/turn    (no ring)
MPRegen 0.10/turn

%: no passive effects
@: no status effects
A: permanent stasis, dig shafts and tunnels, antennae 3, four strong arms
a: Dig, Shaft Self, Renounce Religion, Heroism


You were on level 4 of the Dungeon.
You worshipped Okawaru.
Okawaru was aware of your devotion.
You visited 2 branches of the dungeon, and saw 5 of its levels.

You collected 169 gold pieces.

Inventory:

Hand Weapons
 a - a +0 war axe (weapon)
Armour
 b - a +0 scale mail (worn)
 c - a +0 buckler (worn)
 d - a +1 pair of gloves (worn)
 q - a +0 pair of boots (worn)
Scrolls
 e - a scroll of summoning
 f - 3 scrolls of immolation
 j - a scroll of teleportation
 m - a scroll of enchant weapon
 n - a scroll of magic mapping
 o - a scroll of enchant armour {unknown}
 s - a scroll of fear {unknown}
Potions
 g - a potion of brilliance {unknown}
 h - a potion of attraction {unknown}
 i - a potion of berserk rage {unknown}
 k - 2 potions of lignification {unknown}
 l - 2 potions of resistance {unknown}
 p - 4 potions of ambrosia {unknown}
 r - a potion of heal wounds {unknown}


   Skills:
 + Level 6.0 Fighting
 + Level 5.0 Axes
 + Level 4.9 Armour
 - Level 5.7 Shields


You had 6 spell levels left.
You didn't know any spells.
Your spell library contained the following spells:

 Spells                   Type           Power      Damage    Failure   Level
 Magic Dart               Conj           0%         1d3       80%         1
 Searing Ray              Conj           0%         2d4       90%         2
 Gell's Gravitas          Tloc           0%         N/A       99%         3
 Hailstorm                Conj/Ice       0%         3d3       99%         3
 Mephitic Cloud           Conj/Pois/Air  0%         N/A       99%         3
 Teleport Other           Tloc           0%         N/A       99%         3
 Fulminant Prism          Conj/Hex       0%         3d5       100%        4
 Ice Form                 Ice/Tmut       0%         N/A       100%        4
 Arcjolt                  Conj/Air       0%         1d10      100%        5
 Dispersal                Tloc           0%         N/A       100%        6
 Plasma Beam              Fire/Air       0%         2x1d11    100%        6
 Call Imp                 Summ           Unusable   N/A       N/A         2
 Vhi's Electric Charge    Tloc/Air       Unusable   N/A       N/A         3
 Simulacrum               Ice/Necr       Unusable   N/A       N/A         6

Dungeon Overview and Level Annotations

Branches:
Dungeon (4/15)             Temple (1/1) D:4

Altars:
Ashenzari
Cheibriados
Dithmenos
Elyvilon
Gozag
Hepliaklqana
Kikubaaqudgha
Makhleb
Nemelex Xobeh
Okawaru
Qazlal
Sif Muna
Trog
Uskayaw
Wu Jian
Xom
Yredelemnul

Shops:
D:2 [   D:3 :   D:4 !


Innate Abilities, Weirdness & Mutations

You cannot be hasted, slowed, berserked, paralysed or teleported.
You can dig through walls and to a lower floor.
You have a pair of large antennae on your head. (SInv)
Your four strong arms can wield two-handed weapons with a shield.


Message History

You now have 169 gold pieces (gained 9).
Things that are here:
a +0 long sword; a kobold corpse A kobold comes into view.
It is wielding a +0 dagger.
The kobold shouts!
You hear a shout!
A kobold is nearby!
The kobold hits you but does no damage.
You barely miss the kobold. The gnoll barely misses you.
You block the kobold's attack.
The gnoll hits you from afar with a +0 halberd!
You barely miss the kobold. The kobold closely misses you.
The gnoll misses you.
You slash the kobold!
You kill the kobold!
The gnoll barely misses you.
Your Axes skill increases to level 5!
A gnoll comes into view. It is wielding a +0 halberd.
The gnoll shouts!
The gnoll barely misses you.
You see here a +0 dagger.
You barely miss the gnoll. The gnoll barely misses you.
You completely miss the gnoll. The gnoll hits you but does no damage.
The gnoll hits you from afar with a +0 halberd!
The gnoll hits you with a +0 halberd!
You slash the gnoll!
The gnoll is heavily wounded.
The gnoll barely misses you. You block the gnoll's attack.
You hit the gnoll.
The gnoll is severely wounded.
The gnoll hits you from afar with a +0 halberd.
The gnoll closely misses you. You block the gnoll's attack.
You closely miss the gnoll.
The gnoll is severely wounded.
The gnoll hits you with a +0 halberd!
* * * LOW HITPOINT WARNING * * *
The gnoll hits you from afar with a +0 halberd!
* * * LOW HITPOINT WARNING * * *
The gnoll barely misses you.
The gnoll hits you from afar with a +0 halberd!
You die...

#.....# #..
#.....######.# . #.#
#...).'....#.# .. #.#
#.....####.#.# ... ###..
#......###.#.# ### ....
#.... #..........#.#
#.##..... ##.#..
####.#.#####.####.g......
#..+.# ##............#g#
#.##.# #...........≈@≈.#
#.##.. #.......#..≈.≈.≈#
#.##.. #.......#..#...##
#.##.. #.......#..#.≈.#
#.##.. #.......#..#...#
#.##.. #.......#.##.≈.#
#.#### #.......#.##...#
#.# ####.#'##..#.≈.#
#.#### ####...# #.#...


You could see 2 gnolls.

Vanquished Creatures
  A black bear (D:3)
  An ice beast (D:4)
  2 phantoms (D:4)
  A scorpion (D:4)
  An orc priest (D:4)
  2 hounds (D:4)
  A gnoll (D:4)
  7 adders
  3 worms
  3 dart slugs
  5 orcs
  9 endoplasms
  3 giant cockroaches
  14 goblins
  3 hobgoblins
  9 jackals
  2 quokkas
  8 ball pythons
  7 bats
  3 frilled lizards
  7 kobolds
  7 rats
99 creatures vanquished.

Notes
Turn   | Place    | Note
-------+----------+-------------------------------------------
     0 | D:1      | meatpath the Formicid Fighter began the quest for the Orb.
     0 | D:1      | Reached XP level 1. HP: 18/18 MP: 1/1
    87 | D:1      | Reached XP level 2. HP: 24/24 MP: 2/2
   426 | D:1      | Reached XP level 3. HP: 27/30 MP: 3/3
  1132 | D:2      | Found Zewyih's Armour Shop.
  1334 | D:2      | Reached XP level 4. HP: 33/37 MP: 4/4
  1504 | D:2      | Reached skill level 4 in Fighting
  2015 | D:3      | Found Yluamu's Vocational Training.
  2125 | D:3      | Noticed a black bear
  2139 | D:3      | Killed a black bear
  2140 | D:3      | Reached skill level 5 in Shields
  2140 | D:3      | Reached XP level 5. HP: 26/43 MP: 5/5
  2214 | D:3      | Found a bloodstained altar of Trog.
  2314 | D:3      | Reached XP level 6. HP: 49/49 MP: 6/6
  2503 | D:3      | Found a shimmering blue altar of Sif Muna.
  2503 | D:3      | Found an ancient bone altar of Kikubaaqudgha.
  3016 | D:4      | Reached skill level 5 in Fighting
  3137 | D:4      | Found a staircase to the Ecumenical Temple.
  3149 | Temple   | Entered the Ecumenical Temple
  3418 | Temple   | Became a worshipper of Warmaster Okawaru
  3525 | D:4      | Found Cilora's Distillery.
  3564 | D:4      | Noticed an ice beast
  3589 | D:4      | Killed an ice beast
  3590 | D:4      | Reached XP level 7. HP: 21/56 MP: 7/7
  4072 | D:4      | Reached * piety under Okawaru
  4595 | D:4      | Reached skill level 6 in Fighting
  4715 | D:4      | Reached skill level 5 in Axes
  4723 | D:4      | Mangled by a gnoll

Illustrated notes

Levels and vault maps discovered:
D:1:      dpeg_arrival_subterranean_lakeside_camping, layout_basic,
          serial_forest, infiniplex_forest_clump_diagonal,
          infiniplex_forest_clump_C, infiniplex_forest_end_2,
          infiniplex_forest_lined_corner, infiniplex_forest_end_3,
          infiniplex_forest_lined_2, infiniplex_forest_lined_2,
          infiniplex_forest_clump_large, infiniplex_forest_clump_double,
          chequers_serial_rivers_large_a, minmay_shallow_snake_nest
D:2:      minmay_angry_zag, layout_loops_cross, serial_shops, shop,
          minivault_26, dk_noncrumbling_4, minmay_misc_feat_x,
          nicolae_underground_beach
D:3:      layout_basic, lemuel_round_altar, mainiacjoe_overflow_divided_tiny,
          minivault_11, nicolae_shop_vocational
D:4:      layout_basic, nicolae_ru_path_of_blood,
          minmay_temple_entry_stoned_glass, serial_shops,
          nicolae_shop_tiny_glass, dreamdust_gnoll_farm
Temple:   minmay_temple_curvy_branch

Skill      XL: |  1  2  3  4  5  6  7 |
---------------+----------------------+-----
Fighting       | 4 5 6 |  6.0
Axes           | 3 4 5 |  5.0
Shields        | 5 |  5.7
Armour         | 4 |  4.9

Action                     |  1- 3 |  4- 6 |  7- 9 || total
---------------------------+-------+-------+-------++-------
  Melee: War axe           |   101 |   145 |    83 ||   329
Ability: Dig               |       |     1 |       ||     1
    Use: Scroll            |     1 |     4 |       ||     5
         Potion            |       |     1 |       ||     1
 Armour: Scale mail        |    47 |    70 |    47 ||   164
  Dodge: Dodged            |    46 |    68 |    39 ||   153
  Block: Buckler           |    21 |    43 |    14 ||    78
